 Dungeon Crawl Stone Soup version 0.31.0-32-g396128a36d (webtiles) character file.

Game seed: 9600476055717978955

4044 PaiMei the Purveyor of Pain (level 10, 0/65 (79) HPs)
             Began as a Demonspawn Necromancer on Apr 11, 2024.
             Was an Initiate of Kikubaaqudgha.
             Slain by a wight
             ... wielding a +3 spear
              (11 damage)
             ... on level 7 of the Dungeon.
             The game lasted 00:11:42 (8551 turns).

PaiMei the Purveyor of Pain (DsNe)                  Turns: 8551, Time: 00:11:43

HP:   0/65 (79)     AC:  8    Str:  8    XL:     10   Next: 4%
MP:   20/20         EV: 13    Int: 19    God:    Kikubaaqudgha [......]
Gold: 268           SH:  0    Dex: 21    Spells: 9/22 levels left

rFire   . . .        a - +8 trident "Zuoficyr" {flame, *Rage Dex+6}
rCold   . . .        (no shield)
rNeg    + . .        z - +0 ring mail of Precision Catastrophes {rN+ Will+}
rPois   .            (no helmet)
rElec   .            (no cloak)
rCorr   .            (gloves unavailable)
SInv    .            (no boots)
Will    +....        (no amulet)
Stlth   ++           (no ring)
HPRegen 0.30/turn    (no ring)
MPRegen 0.17/turn

%: random rage (20%)
@: on berserk cooldown, slowed, heavily drained, very slow
A: claws 3, thin metallic scales 2, powered by pain 1
a: Renounce Religion


You were on level 7 of the Dungeon.
You worshipped Kikubaaqudgha.
Kikubaaqudgha was noncommittal.
You visited 1 branch of the dungeon, and saw 8 of its levels.
You also visited: Sewer.

You collected 388 gold pieces.
You spent 120 gold pieces at shops.

Inventory:

Hand Weapons
 a - the +8 trident "Zuoficyr" (weapon) {flame, *Rage Dex+6}
   (You found it on level 7 of the Dungeon)

   Dex+6:     It affects your dexterity (+6).
   *Rage:     It berserks you when you make melee attacks (+20% chance).
 k - the +4 short sword of the Howling Owl {freeze, Fly Int+6}
   (You found it on level 2 of the Dungeon)

   Int+6:     It affects your intelligence (+6).
   Fly:       It grants you flight.
 w - a +1 heavy flail
Missiles
 v - 15 poisoned darts
 y - 9 atropa-tipped darts (quivered)
Armour
 u - an orb of light
 x - a +1 scale mail of poison resistance
 z - the +0 ring mail of Precision Catastrophes (worn) {rN+ Will+}
   (You found it on level 6 of the Dungeon)

   rN+:       It protects you from negative energy.
   Will+:     It increases your willpower.
Magical Staves
 p - a staff of death
Scrolls
 c - 14 scrolls of identify
 e - 5 scrolls of enchant weapon
 h - 2 scrolls of fear {unknown}
 i - a scroll of acquirement {unknown}
 n - 2 scrolls of noise {unknown}
 o - a scroll of vulnerability {unknown}
 q - 8 scrolls of teleportation
Potions
 b - 3 potions of magic
 f - a potion of brilliance {unknown}
 g - 5 potions of curing
 j - 4 potions of might {unknown}
 l - 2 potions of degeneration {unknown}
 m - 2 potions of lignification {unknown}
 r - a potion of berserk rage {unknown}
 s - 2 potions of heal wounds {unknown}
 t - 3 potions of haste {unknown}


   Skills:
 + Level 7.0 Fighting
 + Level 6.8 Dodging
 - Level 2.3 Stealth
 + Level 6.9 Spellcasting
 + Level 9.1 Necromancy


You had 9 spell levels left.
You knew the following spells:

 Your Spells              Type           Power      Damage    Failure   Level
a - Necrotise             Necr           100%       1d9       1%          1
b - Vampiric Draining     Necr           41%        2d8       2%          3
c - Animate Dead          Necr           41%        N/A       8%          4
d - Curse of Agony        Necr           41%        N/A       21%         5

Your spell library contained the following spells:

 Spells                   Type           Power      Damage    Failure   Level
 Magic Dart               Conj           24%        1d4       32%         1
 Summon Small Mammal      Summ           24%        N/A       32%         1
 Blink                    Tloc           12%        N/A       43%         2
 Call Imp                 Summ           12%        N/A       43%         2
 Lesser Beckoning         Tloc           12%        N/A       43%         2
 Momentum Strike          Conj/Tloc      12%        3d8       43%         2
 Call Canine Familiar     Summ           6%         N/A       67%         3
 Ozocubu's Armour         Ice            6%         N/A       67%         3
 Summon Blazeheart Golem  Fire/Summ      6%         N/A       97%         4
 Metabolic Englaciation   Hex/Ice        3%         N/A       100%        5
 Sculpt Simulacrum        Ice/Alch       3%         N/A       100%        6


Dungeon Overview and Level Annotations

Branches:
Dungeon (8/15)             Temple (0/1) D:7           Sewer (visited)
   Lair: D:8-11

Altars:
Kikubaaqudgha
Ru

Shops:
D:1 [   D:7 ?

Annotations:
D:5 Menkaure


Innate Abilities, Weirdness & Mutations

You have claws for hands.
You are mostly covered in thin metallic scales. (AC +3)
You sometimes gain a little power by taking damage.


Message History

You partially resist.
You feel drained.
The wight hits you from afar with a +3 spear.
The wight attacks as it pursues you!
The wight hits you with a +0 short sword.
The wight hits you from afar with a +3 spear.
You partially resist.
You feel drained. The wight attacks as it pursues you!
The wight hits you with a +1 long sword.
You partially resist.
You feel drained.
The wight hits you with a +1 long sword!
You partially resist.
You feel drained.
You hit the wight. You burn the wight.
The wight is heavily damaged.
The wight hits you with a +1 long sword!
The wight completely misses you.
You hit the wight. You burn the wight.
The wight is severely damaged.
The wight hits you with a +1 long sword!
The wight barely misses you.
You puncture the wight! You burn the wight.
You destroy the wight!
Kikubaaqudgha accepts your kill. The wight misses you.
The wight hits you from afar with a +3 spear.
You hit the wight but do no damage.
The wight is heavily damaged.
The wight hits you with a +0 short sword!
You partially resist.
You feel drained. The wight closely misses you. x2
The wight barely misses you.
You hit the wight. You burn the wight.
The wight is almost destroyed.
The wight barely misses you.
The wight hits you from afar with a +3 spear!
* * * LOW HITPOINT WARNING * * *
You partially resist.
You feel drained.
* * * LOW HITPOINT WARNING * * *
The wight closely misses you.
The wight hits you from afar with a +3 spear!
You die...
Kikubaaqudgha rasps: "You have failed me!
Welcome... death!"

########.#)# #.#.#
#.#.# #.#.# #.
#.#.# #.
###########.#.# #.
##.............# .
##......#########
## ........zz@..#
##......####......
##...#.### #####
##.##z..# #. ###)#
#. #.# #.. .z..
#.(..


You could see 2 wights.

Vanquished Creatures
  A two-headed ogre (D:8)
  3 wyverns (D:8)
  2 yaks (D:8)
  A steam dragon (D:7)
  Edmund (D:5)
  2 water moccasins
  An ice beast (D:7)
  2 sky beasts
  3 ogres
  3 black bears (D:5)
  2 kobold brigands (Sewer)
  A phantom (D:4)
  3 scorpions
  A bullfrog (D:6)
  3 wights (D:7)
  2 howler monkeys (D:8)
  A bombardier beetle (D:5)
  A jelly (D:5)
  An orc priest (D:5)
  4 hounds
  3 sleepcaps (D:3)
  Natasha (thrice) (D:3)
  2 iguanas (D:5)
  An orc wizard (D:5)
  A gnoll (D:4)
  10 adders
  A white imp (D:7)
  2 dart slugs
  13 orcs
  7 bats
  4 endoplasms
  4 giant cockroaches
  5 goblins
  8 hobgoblins
  3 jackals (D:2)
  5 quokkas
  8 ball pythons
  4 frilled lizards
  18 kobolds
  5 rats
145 creatures vanquished.

Vanquished Creatures (collateral kills)
  An ogre (D:4)
  A hound (D:4)
  An adder (D:2)
  A ribbon worm (D:2)
  A dart slug (D:3)
  2 endoplasms
  A jackal (D:2)
  A kobold (Sewer)
  A rat (D:1)
10 creatures vanquished.

Grand Total: 155 creatures vanquished

Notes
Turn   | Place    | Note
-------+----------+-------------------------------------------
     0 | D:1      | PaiMei the Demonspawn Necromancer began the quest for the
                  | Orb.
     0 | D:1      | Reached XP level 1. HP: 13/13 MP: 3/3
   203 | D:1      | Gained mutation: You have sharp fingernails. [demonic
                  | ancestry]
   203 | D:1      | Reached XP level 2. HP: 19/19 MP: 1/5
   813 | D:1      | Found Kunuu's Armour Shoppe.
  1089 | D:2      | Gained mutation: You are partially covered in thin metallic
                  | scales. (AC +2) [demonic ancestry]
  1089 | D:2      | Reached XP level 3. HP: 24/24 MP: 1/6
  1589 | D:2      | Reached XP level 4. HP: 31/31 MP: 5/7
  1711 | D:2      | Identified the +4 short sword of the Howling Owl {freeze,
                  | Fly Int+6}
  1963 | D:3      | Noticed Natasha
  1966 | D:3      | Killed Natasha
  1967 | D:3      | Reached skill level 1 in Fighting
  1967 | D:3      | Reached skill level 5 in Necromancy
  2382 | D:3      | Reached XP level 5. HP: 37/37 MP: 4/9
  2801 | D:3      | Learned a level 3 spell: Vampiric Draining
  2806 | D:3      | Learned a level 4 spell: Animate Dead
  2921 | D:3      | Noticed Natasha
  2931 | D:3      | Killed Natasha
  3158 | D:3      | Noticed Natasha
  3162 | D:3      | Killed Natasha
  3181 | D:4      | Noticed an ogre
  3272 | D:4      | Gained mutation: You sometimes gain a little power by
                  | taking damage. [demonic ancestry]
  3272 | D:4      | Reached XP level 6. HP: 44/44 MP: 4/10
  3410 | D:4      | HP: 1/46 [ogre/+0 giant spiked club (28)]
  3598 | D:4      | Reached skill level 6 in Necromancy
  3598 | D:4      | Gained mutation: You have very sharp fingernails. [demonic
                  | ancestry]
  3598 | D:4      | Reached XP level 7. HP: 52/52 MP: 5/12
  3656 | D:4      | Found a glowing drain.
  3667 | Sewer    | Entered a sewer
  4664 | D:5      | Entered Level 5 of the Dungeon
  4747 | D:5      | Noticed Edmund
  4883 | D:5      | Killed Edmund
  4906 | D:5      | Noticed Menkaure
  4928 | D:5      | HP: 1/54 [Menkaure/nerve-wracking pain (14)]
  5258 | D:5      | Gained mutation: You are mostly covered in thin metallic
                  | scales. (AC +3) [demonic ancestry]
  5258 | D:5      | Reached XP level 8. HP: 60/60 MP: 1/14
  5367 | D:5      | Found a sacrificial altar of Ru.
  5694 | D:5      | Reached skill level 7 in Necromancy
  5812 | D:5      | Reached skill level 5 in Spellcasting
  5820 | D:5      | Reached skill level 5 in Dodging
  6176 | D:5      | Reached skill level 5 in Fighting
  6759 | D:6      | Found an ancient bone altar of Kikubaaqudgha.
  6779 | D:6      | Gained mutation: You have claws for hands. [demonic
                  | ancestry]
  6779 | D:6      | Reached XP level 9. HP: 68/68 MP: 9/17
  6781 | D:6      | Became a worshipper of Kikubaaqudgha
  6889 | D:6      | Identified the +0 ring mail of Precision Catastrophes {rN+
                  | Will+}
  7050 | D:6      | Learned a level 5 spell: Curse of Agony
  7073 | D:7      | Found a staircase to the Ecumenical Temple.
  7084 | D:7      | Identified the +8 trident "Zuoficyr" {flame, *Rage Dex+6}
  7308 | D:7      | Reached skill level 8 in Necromancy
  7660 | D:8      | Noticed a two-headed ogre
  7669 | D:8      | Killed a two-headed ogre
  7900 | D:8      | Reached skill level 9 in Necromancy
  7914 | D:8      | Reached XP level 10. HP: 39/77 MP: 5/20
  8438 | D:7      | Identified the +6 whip of Cobwebs {pain, Str+4 Int+4
                  | Stlth+}
  8466 | D:7      | Found Gibb's Magic Scroll Shop.
  8476 | D:7      | Bought a scroll of teleportation for 45 gold pieces
  8476 | D:7      | Bought a scroll of teleportation for 45 gold pieces
  8476 | D:7      | Bought a scroll of identify for 30 gold pieces
  8551 | D:7      | Slain by a wight

Illustrated notes

Levels and vault maps discovered:
D:1:      minmay_arrival_shoal_huts, layout_loops_ring, serial_shops,
          nicolae_shop_tiny_glass, roderic_malta_cross
D:2:      layout_basic
D:3:      layout_loops_ring, hellmonk_no_cap, uniq_natasha
D:4:      layout_cave_pools, cheibrodos_sewer_entry_drain, dk_noncrumbling_3,
          serial_bayou_pond_b, minmay_misc_feat_tower
D:5:      nicolae_cairo_tiling_very_big, layout_loops_cross,
          mainiacjoe_overflow_small_starburst, uniq_menkaure, uniq_edmund
D:6:      layout_rooms, mainiacjoe_overflow_alcove_1, kennysheep_another_room
D:7:      layout_loops_ring, minmay_temple_entry_trees, serial_shops,
          nicolae_lakefront_shop
D:8:      layout_loops_corners, mainiacjoe_overflow_concentric_impassable,
          minmay_lair_entry_grove

Skill      XL: |  1  2  3  4  5  6  7  8  9 10 |
---------------+-------------------------------+-----
Stealth        | 2 |  2.3
Dodging        | 2 3 4 5 6 |  6.8
Fighting       | 1 2 3 4 5 6 7 |  7.0
Necromancy     | 5 6 7 9 |  9.1
Spellcasting   | 3 4 5 6 |  6.9

Action                     |  1- 3 |  4- 6 |  7- 9 | 10-12 || total
---------------------------+-------+-------+-------+-------++-------
  Melee: Unarmed           |    18 |       |       |       ||    18
         Long sword        |    11 |       |       |       ||    11
         Short sword       |       |    45 |    92 |    12 ||   149
         Trident           |       |       |       |    11 ||    11
   Cast: Necrotise         |    56 |    71 |    98 |       ||   225
         Vampiric Draining |       |     6 |    72 |       ||    78
    Use: Scroll            |       |       |       |     2 ||     2
         Potion            |       |       |       |     1 ||     1
 Armour: Robe              |    31 |    40 |    85 |       ||   156
         Ring mail         |       |       |    35 |    25 ||    60
  Dodge: Dodged            |    36 |    52 |   112 |    30 ||   230
